 Dungeon Crawl Stone Soup version 0.32-a0-799-g95e1662365 (webtiles) character file.

Game seed: 6192393066367753203

7 cforsyth the Firebug (level 1, -2/19 HPs)
             Began as a Mountain Dwarf Cinder Acolyte on Mar 22, 2024.
             Was a High Priest of Ignis.
             Slain by a hobgoblin (4 damage)
             ... on level 1 of the Dungeon.
             The game lasted 00:00:38 (172 turns).

cforsyth the Firebug (Mountain Dwarf Cinder Acolyte) Turns: 172, Time: 00:00:39

Health: -2/19      AC:  2    Str: 16    XL:     1   Next: 83%
Magic:  2/2        EV: 10    Int: 14    God:    Ignis [*****.]
Gold:   10         SH:  0    Dex:  5    Spells: 2/2 levels left

rFire   + . .        a - -1 hand axe (flame)
rCold   . . .        (no shield)
rNeg    . . .        b - +0 robe
rPois   .            (no helmet)
rElec   .            (no cloak)
rCorr   .            (no gloves)
SInv    .            (no boots)
Will    .....        (no amulet)
Stlth   +            (no ring)
HPRegen 0.23/turn    (no ring)
MPRegen 0.08/turn

%: no passive effects
@: no status effects
A: runic magic, artefact enchanting
a: Renounce Religion, Fiery Armour, Foxfire Swarm, Rising Flame


You were on level 1 of the Dungeon.
You worshipped Ignis.
Ignis was extremely pleased with you.
You visited 1 branch of the dungeon, and saw 1 of its levels.

You collected 10 gold pieces.


Innate Abilities, Weirdness & Mutations

Your spellcasting is much less encumbered by armour.
You can use scrolls of enchantment on lesser artefacts.


   Skills:
 + Level 3.4 Fighting
 + Level 3.7 Axes
 + Level 0.4 Armour
 + Level 1.1 Spellcasting
 + Level 3.7 Fire Magic


You had 2 spell levels left.
You didn't know any spells.
Your spell library contained the following spells:

 Spells                   Type           Power      Damage    Failure   Level
 Scorch                   Fire           22%        2d5       9%          2

Inventory:

Hand Weapons
 a - a -1 hand axe of flaming (weapon)
Armour
 b - a +0 robe (worn)

Dungeon Overview and Level Annotations

Branches:
Dungeon (1/15)

Altars:

.......##.###.#......#..##
.......+......#.........##
...#...##.#####...##......
.. #... #w#...#..#†(#.#...
. #... #K#.#.#...)....#..
#... #h#.#.#...#.##....
#h#.#.#...#.......
#g#.#†#.#.........
#@#.#.#.#.....#.#.
#.#'#.##......#.##
#.....(.#...###.#.
#.....#.#.........
#.....#.#..##..#..
#.....#..... ###..
#.....#....#. .##.
#....##.##.####.##
##...###. #...##..


You could see a dart slug, 2 jackals, a hobgoblin and a kobold.


Message History

Nothing quivered!
You barely miss the jackal. The jackal bites you.
* * * LOW HITPOINT WARNING * * *
The jackal barely misses you. The jackal closely misses you.
You aren't carrying any potions.
Unknown command.
You aren't carrying any scrolls.
Unknown command.
You aren't carrying any items that you can evoke.
Unknown command.
The jackal stops to sniff the ground.
The jackal attacks as it pursues you! The jackal closely misses you.
The jackal bites you but does no damage.
The jackal attacks as it pursues you! The jackal closely misses you.
The jackal bites you.
* * * LOW HITPOINT WARNING * * *
You miss the jackal. The jackal closely misses you.
You closely miss the jackal. The jackal bites you.
* * * LOW HITPOINT WARNING * * *
The jackal misses you.
You hit the jackal. You burn the jackal.
You kill the jackal!
The jackal stops to sniff the ground.
The hobgoblin misses you.
You barely miss the hobgoblin.
The hobgoblin is almost dead.
The hobgoblin hits you.
You die...
Ignis goes out, and joins you in death.

Action                     || total
---------------------------++-------
  Melee: Hand axe          ||    24
 Armour: Robe              ||    39
  Dodge: Dodged            ||    31

Levels and vault maps discovered:
D:1:      matt_arrival_debris, layout_basic, st_stairs_10,
          chequers_serial_rivers_room_a

Notes
Turn   | Place    | Note
-------+----------+-------------------------------------------
     0 | D:1      | cforsyth the Mountain Dwarf Cinder Acolyte began the quest
                  | for the Orb.
     0 | D:1      | Reached XP level 1. HP: 19/19 MP: 2/2
   170 | D:1      | HP: 1/19 [jackal (1)]
   172 | D:1      | Slain by a hobgoblin

Vanquished Creatures
  A hobgoblin (D:1)
  A jackal (D:1)
  A quokka (D:1)
  A ball python (D:1)
  A bat (D:1)
  A kobold (D:1)
  A rat (D:1)
7 creatures vanquished.

Table legend: (Time is in decaauts)
 A = Elapsed time spent in this place.
 B = Non-inter-level travel time spent in this place.
 C = Inter-level travel time spent in this place.
 D = Time resting spent in this place.
 E = Time spent auto-exploring this place.
 F = Levels seen in this place.
 G = Mean time per level.
                   A        B        C        D        E       F      G
               +--------+--------+--------+--------+--------+-----+--------+
         Total |    174 |    174 |      0 |      0 |    116 |   1 |  174.0 |
       Dungeon |    174 |    174 |      0 |      0 |    116 |   1 |  174.0 |
               +--------+--------+--------+--------+--------+-----+--------+

Top non-repeatable levels by time:
     D:1: 174 daAuts

Table legend:
 A = Non-vault XP
 B = Vault XP
 C = Vault XP percentage of total XP
 D = Non-vault monster count
 E = Vault monster count
 F = Vault count percentage of total count
                 A         B        C        D         E       F
            +---------+---------+-------+---------+---------+-------
      Total |      10 |       0 |   0.0 |       7 |       0 |   0.0
            +---------+---------+-------+---------+---------+-------
        D:1 |      10 |       0 |   0.0 |       7 |       0 |   0.0
            +---------+---------+-------+---------+---------+-------
